 Dungeon Crawl Stone Soup version 0.29.1-15-g9cfb28693d (webtiles) character file.

Game seed: 13185371941668940327

2909 growler the Martial Artist (level 9, 0/96 (106) HPs)
             Began as a Black Draconian Transmuter on Mar 6, 2023.
             Was a Follower of Wu Jian.
             Slain by a wight
             ... wielding a +4 battleaxe of freezing
              (1 damage)
             ... on level 9 of the Dungeon.
             The game lasted 00:20:20 (8805 turns).

growler the Martial Artist (DrTm)                   Turns: 8805, Time: 00:20:20

HP:   0/96 (106)    AC: 28    Str: 12    XL:     9   Next: 49%
MP:   10/15         EV:  2    Int: 17    God:    Wu Jian [*.....]
Gold: 444           SH:  0    Dex: 13    Spells: 6/16 levels left

rFire   . . .      SeeInvis .     - Unarmed
rCold   . . .      Faith    .   (no shield)
rNeg    . . .      Spirit   .   (body armour unavailable)
rPois   +          Reflect  .   (helmet currently unavailable)
rElec   .          Harm     .   (cloak currently unavailable)
rCorr   .          Rampage  .   (gloves currently unavailable)
Will    .....      NoTele   +   (boots currently unavailable)
Stlth   +.........              y - amulet of the acrobat
HPRegen 0.26/turn               d - +4 ring of protection
MPRegen 0.14/turn               (no ring)

@: tree-form, wereblooded (expiring), drained
A: stationary, stasis, torment immunity, boosted hp, (breathe lightning), AC +7,
unfitting armour, (electricity resistance), (cold-blooded)
a: Renounce Religion


You were on level 9 of the Dungeon.
You worshipped Wu Jian.
Wu Jian was aware of your devotion.
You were a tree.
You visited 2 branches of the dungeon, and saw 10 of its levels.

You collected 444 gold pieces.

Inventory:

Armour
 j - a scarf of resistance
 p - a +1 pair of boots (melded)
 x - a +2 cloak (melded)
Jewellery
 d - a +4 ring of protection (left branch)
 v - a ring of protection from cold
 y - an amulet of the acrobat (around neck)
 A - a ring of magical power
Wands
 r - a wand of polymorph (7)
 B - a wand of flame (17)
Scrolls
 b - a scroll of blinking
 c - a scroll of immolation {unknown}
 g - 5 scrolls of teleportation
 h - a scroll of enchant weapon {unknown}
 k - a scroll of amnesia
 l - 2 scrolls of noise
 z - a scroll of silence {unknown}
 C - a scroll of magic mapping {unknown}
 F - a scroll of poison {unknown}
Potions
 a - 4 potions of lignification
 e - 3 potions of cancellation
 f - a potion of flight
 i - 4 potions of degeneration {unknown}
 m - 3 potions of heal wounds
 n - 2 potions of curing
 o - a potion of invisibility
 s - 2 potions of haste {unknown}
 t - a potion of might {unknown}
 u - a potion of attraction {unknown}
 w - 3 potions of brilliance {unknown}
 E - a potion of berserk rage {unknown}


   Skills:
 + Level 4.2 Fighting
 - Level 2.0 Dodging
 + Level 10.6 Unarmed Combat
 - Level 4.0 Spellcasting
 + Level 5.4 Transmutations
 + Level 3.4 Ice Magic


You had 6 spell levels left.
You knew the following spells:

 Your Spells              Type           Power      Damage    Failure   Level
a - Beastly Appendage     Tmut           42%        N/A       1%          1
b - Wereblood             Tmut           21%        N/A       2%          2
c - Spider Form           Tmut/Pois      12%        N/A       16%         3
d - Ice Form              Ice/Tmut       18%        N/A       26%         4

Your spell library contained the following spells:

 Spells                   Type           Power      Damage    Failure   Level
 Ignite Poison            Fire/Tmut/Pois 9%         N/A       22%         3
 Conjure Flame            Conj/Fire      3%         6-21      43%         3
 Sticky Flame             Conj/Fire      3%         2d3       83%         4


Dungeon Overview and Level Annotations

Branches:
Dungeon (9/15)             Temple (1/1) D:5
   Lair: D:8-11         Orc: D:9-12

Altars:
Ashenzari
Cheibriados
Dithmenos
Elyvilon
Fedhas
Gozag
Hepliaklqana
Kikubaaqudgha
Makhleb
Nemelex Xobeh
Okawaru
Qazlal
Ru
Sif Muna
Trog
Uskayaw
Vehumet
Wu Jian
Xom
Yredelemnul
Zin
The Shining One

Shops:
D:1 (   D:4 *   D:7 *[   D:8 :


Innate Abilities, Weirdness & Mutations

You are a tree.
Your roots penetrate the ground, keeping you stationary.
You cannot be teleported.
You are immune to unholy pain and torment.
Your maximum health is greatly increased.
Your equipment is partially melded.
((You can breathe wild blasts of lightning.))
((Your glossy black scales are hard. (AC +7)))
You cannot fit into any form of body armour.
((You are resistant to electric shocks. (rElec)))
((You are cold-blooded and may be slowed by cold attacks.))


Message History

The wight is almost destroyed.
You completely miss the wight.
The wight is almost destroyed.
You hiss as the wereblood boils in your veins!
A gargoyle comes into view. It is wielding a +0 flail.
The wight closely misses you.
You hit the wight.
The wight is almost destroyed.
The wight hits you with a +4 battleaxe of freezing!
You feel drained. The wight freezes you.
* * * LOW HITPOINT WARNING * * *
Unknown command.
The wight attacks as you move away! The wight completely misses you.
The wight attacks as you move away!
The wight hits you with a +4 battleaxe of freezing!
* * * LOW HITPOINT WARNING * * *
You feel drained.
* * * LOW HITPOINT WARNING * * *
The wight freezes you.
* * * LOW HITPOINT WARNING * * *
Your transformation has ended.
Your +2 cloak unmelds from your body.
Your +1 pair of boots unmelds from your body.
You howl as the wereblood boils in your veins!
The wight attacks as you move away! The wight completely misses you.
You howl as the wereblood boils in your veins!
The wight attacks as you move away! The wight closely misses you.
You howl as the wereblood boils in your veins!
Your primal bloodlust is almost over.
Really quaff the potion of lignification?
You turn into a tree.
Your +2 cloak melds into your body.
Your +1 pair of boots melds into your body.
Your roots penetrate the ground.
You creak as the wereblood boils in your veins!
The wight hits you with a +4 battleaxe of freezing.
* * * LOW HITPOINT WARNING * * *
You feel drained.
* * * LOW HITPOINT WARNING * * *
The wight freezes you.
You die...

... #.# #.#### #.#
....# #.# .... #.#
###.####.###########
#....#......)......#
#....#...^...###.#
###.##########.# #)#
#.9..z.zz♣..##.# #)#
#.#########.##.# #.#
#.# ##.# #.# #z# #.#
#.# z## #.# #.# ..
#.# ... #.# '#.. #.#
.9### #.#


You could see a gargoyle and 3 wights.

Vanquished Creatures
  A manticore (D:7)
  Menkaure (D:7)
  2 steam dragons (D:8)
  An acid dragon (D:8)
  2 orc warriors
  2 black bears
  2 sky beasts
  An ogre (D:5)
  A centaur (D:8)
  3 phantoms
  3 bullfrogs
  2 gnoll sergeants (D:8)
  3 necrophages
  A scorpion (D:7)
  2 wights (D:9)
  2 orc priests (D:5)
  3 hounds
  2 iguanas
  An orc wizard (D:8)
  6 gnolls (D:8)
  6 adders
  3 shadow imps (D:6)
  A white imp (D:5)
  An ufetubus (D:6)
  A dart slug (D:3)
  28 orcs
  3 endoplasms
  3 giant cockroaches
  10 goblins
  5 hobgoblins
  2 jackals (D:1)
  9 kobolds
  A quokka (D:2)
  10 ball pythons
  2 bats
  5 frilled lizards
  11 rats
142 creatures vanquished.

Vanquished Creatures (others)
  44 fungi (D:9)
  53 plants (D:9)
97 creatures vanquished.

Grand Total: 239 creatures vanquished

Notes
Turn   | Place    | Note
-------+----------+-------------------------------------------
     0 | D:1      | growler the Draconian Transmuter began the quest for the
                  | Orb.
     0 | D:1      | Reached XP level 1. HP: 16/16 MP: 3/3
   323 | D:1      | Reached XP level 2. HP: 23/23 MP: 5/5
   407 | D:1      | Learned a level 2 spell: Wereblood
   503 | D:1      | You fall into a shaft and drop 1 floor!
   618 | D:1      | Found Vuoj's Weapon Emporium.
  1191 | D:1      | Reached XP level 3. HP: 28/28 MP: 6/6
  1195 | D:1      | Learned a level 3 spell: Spider Form
  1536 | D:2      | Identified the +7 arbalest of Death {elec, rF+ Str-4 Int+4}
  2626 | D:3      | Reached XP level 4. HP: 35/35 MP: 8/8
  3225 | D:4      | Noticed a black bear
  3235 | D:4      | Killed a black bear
  3236 | D:4      | Reached skill level 4 in Unarmed Combat
  3236 | D:4      | Reached XP level 5. HP: 39/40 MP: 5/9
  3465 | D:4      | Found Jyid Guh's Assorted Antiques.
  3869 | D:5      | Entered Level 5 of the Dungeon
  3944 | D:5      | Noticed a phantom
  3956 | D:5      | Killed a phantom
  3957 | D:5      | Reached skill level 5 in Unarmed Combat
  3957 | D:5      | Reached XP level 6. HP: 47/47 MP: 10/10
  3962 | D:5      | Learned a level 4 spell: Ice Form
  4022 | D:5      | Reached skill level 6 in Unarmed Combat
  4545 | D:5      | Found a staircase to the Ecumenical Temple.
  4554 | Temple   | Entered the Ecumenical Temple
  4928 | Temple   | Became a worshipper of the Wu Jian Council
  5149 | D:5      | Your scales start taking on a glossy black colour.
  5149 | D:5      | Reached XP level 7. HP: 52/52 MP: 8/11
  5149 | D:5      | Gained mutation: You are resistant to electric shocks.
                  | (rElec) [Black Draconian growth]
  5183 | D:5      | Found the +8 trident of the Octopus King {venom, rElec
                  | rPois}
  5188 | D:5      | Found a shimmering altar of Xom.
  5311 | D:6      | Reached skill level 7 in Unarmed Combat
  5510 | D:6      | Reached skill level 8 in Unarmed Combat
  5823 | D:7      | Reached XP level 8. HP: 56/59 MP: 12/12
  5904 | D:7      | Noticed Menkaure
  5925 | D:7      | Noticed a manticore
  6093 | D:7      | Reached * piety under Wu Jian
  6297 | D:7      | Killed a manticore
  6298 | D:7      | Reached skill level 10 in Unarmed Combat
  6650 | D:7      | Killed Menkaure
  6651 | D:7      | Reached skill level 1 in Ice Magic
  6703 | D:7      | Found Jumuntus's Lightly-Used Armoury.
  6836 | D:7      | Found Busyircho's Armour Shop.
  7168 | D:8      | Reached XP level 9. HP: 21/68 MP: 10/14
  8208 | D:8      | Reached skill level 5 in Transmutations
  8379 | D:8      | Found Xaodofox's Book Shop.
  8776 | D:9      | Noticed a deep elf pyromancer
  8794 | D:9      | Noticed a gargoyle
  8798 | D:9      | HP: 2/66 [wight/+4 battleaxe of freezing (5)]
  8805 | D:9      | HP: 2/99 [wight/+4 battleaxe of freezing (3)]
  8805 | D:9      | Slain by a wight

Illustrated notes

Levels and vault maps discovered:
D:1:      dpeg_arrival_rooms_c, layout_loops_corners, serial_shops, shop,
          hangedman_abyss_or_decor_stabs, hangedman_decor_growths,
          minmay_misc_feat_tiny, minmay_tetromino_t2
D:2:      layout_loops_cross
D:3:      layout_basic
D:4:      layout_basic, serial_shops, shop_statue, grunt_ministairs_15
D:5:      layout_basic, mainiacjoe_overflow_tiny_flanked,
          minmay_temple_entry_mini_moons
D:6:      layout_rooms
D:7:      layout_cave_pools, serial_shops, shop, minmay_shop_damaged,
          uniq_menkaure
D:8:      layout_basic, serial_shops, shop_statue
D:9:      layout_basic, due_lair_maze_entry_diamond, zombieorc2_lemuel,
          dilly_guarded_unrand_elemental_staff, uniq_erica
Temple:   mainiacjoe_temple_trianglar_array

Skill      XL: |  1  2  3  4  5  6  7  8  9 |
---------------+----------------------------+-----
Dodging        | 2 |  2.0
Transmutations | 3 4 5 |  5.4
Unarmed Combat | 4 5 6 8 10 | 10.6
Spellcasting   | 3 4 |  4.0
Fighting       | 2 4 |  4.2
Ice Magic      | 2 3 |  3.4

Action                   |  1- 3 |  4- 6 |  7- 9 || total
-------------------------+-------+-------+-------++-------
Melee: Unarmed           |   224 |   144 |   222 ||   590
       Tailslap          |    15 |     9 |    10 ||    34
       Headbutt          |     1 |    10 |    11 ||    22
       Punch             |     2 |     1 |     4 ||     7
       Kick              |       |    13 |    16 ||    29
 Cast: Beastly Appendage |     1 |     6 |    13 ||    20
       Wereblood         |       |     5 |     6 ||    11
       Spider Form       |       |     5 |    14 ||    19
Invok: Lunge             |       |       |    16 ||    16
       Whirlwind         |       |       |     8 ||     8
 Abil: End Transformatio |       |       |     1 ||     1
  Use: Scroll            |       |     5 |     8 ||    13
       Potion            |       |       |     1 ||     1
 Stab: Sleeping          |     3 |     1 |       ||     4
Armor: Skin              |    95 |    44 |    44 ||   183
Dodge: Dodged            |   145 |   126 |   158 ||   429
